AoeStats
← ForWorldPeace

Arena

508387870Analyzed
3v3 RM · 10d ago on Sep 22, 2026· 30m 13s· 6 players
Game mode
Random Map
Map size
Normal (6 player)
Population
200
Speed
Normal
Resources
Standard
Victory
Conquest
Starting age
Dark Age
Ending age
Imperial Age
RankedLock teamsTeams togetherTeam positionsShared explorationLock speedFull tech treeHidden civsTurbo modeCheats
Victory
Defeat
🇭🇰 Turks · Hong Kong SAR China
952
+13
🇯🇵 Bohemians · Japan
943
+13
🇮🇳 Italians · India
917
+14
🇳🇱 Georgians · Netherlands
971
-16
🇦🇹 Turks · Austria
852
-12
🇷🇺 Ethiopians · Russia
833
-12
iamlegolas312
0:27 Loom
10:31 Feudal Age
11:54 Double-Bit Axe
14:15 Horse Collar
15:05 Gold Mining
16:55 Stone Mining
21:48 Castle Age
23:04 Heavy Plow
23:17 Bow Saw
23:50 Stone Shaft Mining
26:32 Wheelbarrow
26:45 Town Watch
28:09 Hand Cart
32:10 Imperial Age
29:33 Fletching
29:43 Padded Archer Armor
t45zeus
10:44 Feudal Age
14:47 Castle Age
13:13 Double-Bit Axe
13:17 Loom
15:03 Horse Collar
17:35 Town Watch
23:37 Bow Saw
25:15 Wheelbarrow
24:56 Fervor
25:12 Heavy Plow
29:35 Imperial Age
28:29 Hand Cart
28:18 Scale Mail Armor
28:29 Forging
28:40 Squires
30:06 Chemistry
29:06 Pikeman
Shin Kawashima
8:41 Loom
11:07 Feudal Age
11:27 Horse Collar
16:32 Castle Age
14:30 Double-Bit Axe
14:55 Gold Mining
23:36 Imperial Age
21:16 Heavy Plow
22:05 Bow Saw
21:59 Padded Archer Armor
24:03 Leather Archer Armor
25:15 Ring Archer Armor
26:04 Forging
30:49 Wheelbarrow
sfdejonge
5:28 Loom
11:24 Feudal Age
16:45 Castle Age
14:48 Double-Bit Axe
19:49 Wheelbarrow
23:10 Light Cavalry
26:08 Gold Mining
26:29 Bow Saw
27:14 Bloodlines
28:06 Hand Cart
28:06 Horse Collar
28:18 Stone Mining
30:09 Stone Shaft Mining
kakao_
0:37 Loom
10:03 Feudal Age
11:46 Wheelbarrow
19:17 Castle Age
17:45 Town Watch
17:49 Double-Bit Axe
18:21 Stone Mining
19:04 Gold Mining
28:25 Horse Collar
ForWorldPeace
1:17 Loom
2:35 Loom
13:08 Feudal Age
13:19 Feudal Age
15:08 Stone Mining
15:11 Gold Mining
19:27 Castle Age
18:54 Double-Bit Axe
18:51 Horse Collar
21:24 Wheelbarrow
21:36 Stone Shaft Mining
24:13 Heavy Plow
24:50 Gold Shaft Mining
27:10 Bow Saw
27:11 Crossbowman
28:13 Padded Archer Armor
28:04 Fletching
30:14 Thumb Ring
Connection lost

Rejoining the realm…

Still unreachable

The connection could not be restored.

Session expired

The server has moved on; the page needs a fresh start.